 Dungeon Crawl Stone Soup version 0.30-a0-330-g8f2769a82d (webtiles) character file.

Game seed: 4048195564944820806

2260 PentaManta the Nimble (level 9, -4/59 HPs)
             Began as a Merfolk Transmuter on Oct 29, 2022.
             Was a Believer of Makhleb.
             Slain by an ice beast (14 damage)
             ... on level 7 of the Dungeon.
             The game lasted 00:17:05 (5328 turns).

PentaManta the Nimble (Merfolk Transmuter)          Turns: 5328, Time: 00:17:05

Health: -4/59      AC:  2    Str: 10    XL:     9   Next: 38%
Magic:  13/16      EV: 34    Int: 17    God:    Makhleb [**....]
Gold:   329        SH:  0    Dex: 31    Spells: 12/18 levels left

rFire   . . .      SeeInvis .      - Unarmed
rCold   . . .      Faith    .    (shield currently unavailable)
rNeg    . . .      Spirit   .    (body armour currently unavailable)
rPois   x          Reflect  .    (helmet currently unavailable)
rElec   .          Harm     .    (cloak currently unavailable)
rCorr   .          Rampage  .    (gloves currently unavailable)
Will    .....                    (boots currently unavailable)
Stlth   ++........               (no amulet)
HPRegen 0.29/turn                o - +6 ring of dexterity
MPRegen 0.15/turn                F - +6 ring of dexterity

@: spider-form, studying Evocations
A: venomous fangs, tiny, (nimble swimmer 2), (mertail)
a: End Transformation, Renounce Religion, Minor Destruction


You were on level 7 of the Dungeon.
You worshipped Makhleb.
Makhleb was pleased with you.
You were a venomous arachnid creature.
You visited 1 branch of the dungeon, and saw 7 of its levels.
You also visited: Ossuary.

You collected 329 gold pieces.

Inventory:

Hand Weapons
 p - a +0 sling
 y - the +9 trident "Ampohoho" {elec, Stlth+}
   (You found it on level 4 of the Dungeon)

   It occasionally discharges a powerful burst of electricity upon striking a
   foe.
   Stlth:     It makes you more stealthy.
Missiles
 B - 4 javelins
Armour
 a - a +0 robe (melded)
 l - a +0 pair of boots (melded)
 s - quicksilver dragon scales
 t - a +1 pair of gloves (melded)
 C - a +3 leather armour
Jewellery
 m - a +6 ring of intelligence
 o - a +6 ring of dexterity (left front leg)
 u - a ring of resist corrosion
 v - a +6 ring of dexterity
 F - a +6 ring of dexterity (right front leg)
Wands
 z - a wand of digging (3)
Scrolls
 d - a scroll of brand weapon
 h - 3 scrolls of teleportation {unknown}
 i - 2 scrolls of magic mapping
 j - a scroll of blinking
 k - 3 scrolls of enchant armour
 r - a scroll of silence
 A - a scroll of vulnerability
 D - a scroll of immolation
 E - 2 scrolls of fear
 G - 2 scrolls of fog {unknown}
 H - a scroll of torment {unknown}
Potions
 b - 3 potions of lignification
 c - 3 potions of degeneration
 e - 2 potions of might
 f - 2 potions of cancellation {unknown}
 g - 2 potions of brilliance
 n - 3 potions of mutation {unknown}
 q - a potion of magic
 w - 2 potions of invisibility
 x - a potion of flight


   Skills:
 - Level 1.1 Fighting
 + Level 9.6 Dodging
 + Level 8.4 Unarmed Combat
 - Level 5.0 Spellcasting
 - Level 7.0 Transmutations


You had 12 spell levels left.
You knew the following spells:

 Your Spells              Type           Power      Damage    Failure   Level
a - Beastly Appendage     Tmut           56%        N/A       4%          1
b - Wereblood             Tmut           28%        N/A       6%          2
c - Spider Form           Tmut/Pois      16%        N/A       24%         3

Your spell library contained the following spells:

 Spells                   Type           Power      Damage    Failure   Level
 Cigotuvi's Dreadful Rot  Necr/Pois/Air  8%         N/A       43%         2
 Poisonous Vapours        Pois/Air       8%         N/A       43%         2
 Ice Form                 Ice/Tmut       16%        N/A       54%         4
 Mephitic Cloud           Conj/Pois/Air  4%         N/A       61%         3


Dungeon Overview and Level Annotations

Branches:
Dungeon (7/15)             Temple (0/1) D:4         Ossuary (visited)

Altars:
Ashenzari
Makhleb
Ru

Shops:
D:6 *?


Innate Abilities, Weirdness & Mutations

You are a venomous arachnid creature.
You have poisonous fangs.
You are tiny and dextrous.
Your spellcasting is less reliable in this form.
Your armour is entirely melded.
You are incapable of wielding weapons or throwing items.
((You are very nimble when in or above water. (Stealth+, EV+, Speed+++)))
((Your lower body shifts to a powerful aquatic tail in water.))


Message History

Your transformation is almost over.
The wight completely misses you.
An ice beast comes into view.
Found a stone staircase leading down.
You hit the ice beast but do no damage. The ice beast barely misses you.
The wight completely misses you. The ice beast completely misses you.
The ice beast completely misses you. The wight attacks as you move away!
The wight misses you. The ice beast hits you. The ice beast freezes you.
The ice beast attacks as you move away! The ice beast closely misses you.
The wight attacks as you move away! The wight completely misses you.
There is a stone staircase leading down here.
The ice beast completely misses you. The wight completely misses you.
You climb downwards.
Your transformation has ended.
Your +1 pair of gloves unmelds from your body.
Your +0 pair of boots unmelds from your body.
Your +0 robe unmelds from your body.
Found 14 gold pieces.
There is a stone staircase leading up here.
You are too injured to fight recklessly!
Casting: Spider Form (dangerous; 10% risk of failure)
Confirm with . or Enter, or press ? or * to list all spells.
You turn into a venomous arachnid creature.
Your +1 pair of gloves melds into your body.
Your +0 pair of boots melds into your body.
Your +0 robe melds into your body.
The ice beast misses you. The wight completely misses you.
You bite the wight!
The wight is heavily damaged.
The wight closely misses you. The ice beast hits you.
The ice beast freezes you!
* * * LOW HITPOINT WARNING * * *
Unknown command.
The wight attacks as you move away! The wight misses you.
The ice beast hits you.
* * * LOW HITPOINT WARNING * * *
The ice beast freezes you!
You die...

## #. ##.# #.
....... .....#.
.$... #...
#...#########
#.#...sz.......
.......Y<######
##....####
...... .....
.#.## #. .


You could see an ice beast and a wight.

Vanquished Creatures
  Prince Ribbit (D:5)
  Grinder (D:5)
  Sigmund (D:2)
  A wyvern (D:5)
  2 water moccasins
  A sky beast (D:4)
  A black bear (D:5)
  2 ogres (D:5)
  A centaur (D:6)
  A kobold brigand (D:6)
  A necrophage (D:5)
  3 scorpions
  7 centaur zombies (Ossuary)
  2 hounds (D:5)
  A jelly (D:5)
  An orc wizard (D:5)
  An iguana (D:5)
  4 mummies (Ossuary)
  5 gnolls
  8 adders
  2 ufetubi
  A worm (D:2)
  4 dart slugs
  5 orcs
  5 ball pythons
  4 bats
  11 endoplasms
  2 giant cockroaches
  7 goblins
  6 hobgoblins
  3 jackals
  12 kobolds
  5 quokkas
  5 frilled lizards
  3 hobgoblin zombies (Ossuary)
  7 rats
127 creatures vanquished.

Notes
Turn   | Place    | Note
-------+----------+-------------------------------------------
     0 | D:1      | PentaManta the Merfolk Transmuter began the quest for the
                  | Orb.
     0 | D:1      | Reached XP level 1. HP: 15/15 MP: 3/3
   239 | D:1      | Reached XP level 2. HP: 6/21 MP: 3/5
   463 | D:1      | Learned a level 2 spell: Wereblood
   710 | D:1      | Reached XP level 3. HP: 26/26 MP: 4/6
  1097 | D:2      | Reached skill level 5 in Transmutations
  1225 | D:1      | Learned a level 3 spell: Spider Form
  1235 | D:2      | Reached XP level 4. HP: 28/32 MP: 1/7
  1568 | D:2      | Found a faded altar of an unknown god.
  1572 | D:2      | Noticed Sigmund
  1589 | D:2      | Killed Sigmund
  1590 | D:2      | Reached XP level 5. HP: 27/37 MP: 5/11
  1590 | D:2      | Reached XP level 6. HP: 32/43 MP: 5/12
  2486 | D:3      | Found a broken altar of Ashenzari.
  2519 | D:3      | Found a burning altar of Makhleb.
  2523 | D:3      | Became a worshipper of Makhleb the Destroyer
  2956 | D:4      | Found a staircase to the Ecumenical Temple.
  3006 | D:4      | Identified the +9 trident "Ampohoho" {elec, Stlth+}
  3356 | D:4      | Noticed a sky beast
  3371 | D:4      | Killed a sky beast
  3372 | D:4      | Reached skill level 5 in Spellcasting
  3372 | D:4      | Reached skill level 3 in Dodging
  3372 | D:4      | Reached XP level 7. HP: 15/48 MP: 12/14
  3585 | D:5      | Entered Level 5 of the Dungeon
  3590 | D:5      | Noticed Prince Ribbit
  3605 | D:5      | Killed Prince Ribbit
  3606 | D:5      | Reached skill level 4 in Dodging
  3632 | D:5      | Reached skill level 5 in Dodging
  3694 | D:5      | Reached * piety under Makhleb
  3695 | D:5      | Reached skill level 5 in Unarmed Combat
  3695 | D:5      | Reached XP level 8. HP: 54/54 MP: 12/15
  3729 | D:5      | Reached skill level 6 in Dodging
  3906 | D:5      | Noticed Grinder
  3907 | D:5      | Noticed a wyvern
  4150 | D:5      | Reached skill level 7 in Dodging
  4195 | D:5      | Paralysed by Grinder for 5 turns
  4206 | D:5      | Killed Grinder
  4302 | D:5      | Killed a wyvern
  4303 | D:5      | Reached skill level 8 in Dodging
  4498 | D:5      | Reached XP level 9. HP: 57/59 MP: 12/16
  4773 | D:6      | Reached skill level 9 in Dodging
  4963 | D:6      | Found Omaku Umnoi's Assorted Antiques.
  5000 | D:6      | Found a sacrificial altar of Ru.
  5016 | D:6      | Found Pinteseo's Magic Scroll Shop.
  5027 | D:6      | Found a sand-covered staircase.
  5032 | Ossuary  | Entered an ossuary
  5101 | Ossuary  | Reached ** piety under Makhleb
  5328 | D:7      | Slain by an ice beast

Illustrated notes

Levels and vault maps discovered:
D:1:      ncdulo_smallfort, layout_rooms, serial_forest,
          infiniplex_forest_lined_2, infiniplex_forest_corner_2,
          infiniplex_forest_clump_cross, infiniplex_forest_end_double,
          infiniplex_forest_corner_1, infiniplex_forest_clump_long
D:2:      layout_loops_ring, ebering_ecumenical_altar_box,
          dreamdust_princess_corridor, uniq_sigmund
D:3:      layout_loops_ring, mainiacjoe_overflow_big_doors
D:4:      layout_gridville, temple_statues, corexii_leaking_fountain,
          minmay_liquid_box, minmay_close_crescents
D:5:      layout_basic, minivault_27, minmay_manual_monstrance,
          uniq_prince_ribbit1, uniq_grinder
D:6:      layout_basic, nicolae_ru_awakened_eye, serial_shops,
          nicolae_shop_statue_plus, shop_statue, nicolae_take_the_stairs,
          enter_ossuary_2, cheibrodos_sewer_entry_bend,
          kennysheep_generic_room_14
D:7:      layout_basic, gammafunk_ghost_icy

Skill      XL: |  1  2  3  4  5  6  7  8  9 |
---------------+----------------------------+-----
Transmutations | 3 4 5 6 7 |  7.0
Spellcasting   | 4 5 |  5.0
Dodging        | 3 5 8 9 |  9.6
Unarmed Combat | 5 7 8 |  8.4
Fighting       | |  1.1

Action                   |  1- 3 |  4- 6 |  7- 9 || total
-------------------------+-------+-------+-------++-------
Melee: Unarmed           |   112 |   135 |   188 ||   435
       Headbutt          |     8 |     2 |       ||    10
       Punch             |     1 |       |       ||     1
 Cast: Beastly Appendage |    19 |     3 |       ||    22
       Spider Form       |     1 |    19 |    24 ||    44
  Use: Scroll            |       |       |    17 ||    17
       Potion            |       |       |     4 ||     4
 Stab: Sleeping          |     1 |     3 |     2 ||     6
       Invisible         |       |       |     1 ||     1
Armor: Robe              |    20 |     7 |     1 ||    28
       Skin              |       |     4 |     8 ||    12
Dodge: Dodged            |    66 |   111 |   248 ||   425

Table legend: (Time is in decaauts)
 A = Elapsed time spent in this place.
 B = Non-inter-level travel time spent in this place.
 C = Inter-level travel time spent in this place.
 D = Time resting spent in this place.
 E = Time spent auto-exploring this place.
 F = Levels seen in this place.
 G = Mean time per level.
                   A        B        C        D        E       F      G
               +--------+--------+--------+--------+--------+-----+--------+
         Total |   5284 |   5157 |    127 |    572 |   3104 |   8 |  660.5 |
       Dungeon |   5019 |   4892 |    127 |    457 |   3104 |   7 |  717.0 |
       Ossuary |    265 |    265 |      0 |    115 |      0 |   1 |  265.0 |
               +--------+--------+--------+--------+--------+-----+--------+

Top non-repeatable levels by time:
     D:5: 1074 daAuts
     D:1: 1050 daAuts
     D:2: 904 daAuts
     D:4: 865 daAuts
     D:3: 747 daAuts
     D:6: 374 daAuts
 Ossuary: 265 daAuts
     D:7: 2 daAuts
